 Dungeon Crawl Stone Soup version 0.26.1-11-gd32895ea62 (webtiles) character file.

Game seed: 16519029055035195429

960 bnorton916 the Thaumaturge (level 7, 0/36 HPs)
             Began as a Deep Elf Conjurer on July 22, 2021.
             Was an Initiate of Vehumet.
             Shot with an arrow by a centaur (15 damage)
             ... on level 5 of the Dungeon.
             The game lasted 00:07:15 (5308 turns).

bnorton916 the Thaumaturge (Deep Elf Conjurer)      Turns: 5308, Time: 00:07:15

Health: 0/36       AC:  4    Str:  4    XL:     7   Next: 92%
Magic:  16/20      EV: 13    Int: 25    God:    Vehumet [......]
Gold:   144        SH:  0    Dex: 13    Spells: 8/22 levels left

rFire    . . .     SeeInvis .   o - +0 dagger (elec)
rCold    . . .     Faith    .   (no shield)
rNeg     . . .     Spirit   .   a - +1 robe
rPois    .         Reflect  .   m - +0 helmet
rElec    .         Harm     .   (no cloak)
rCorr    .         Rampage  .   (no gloves)
Will     .....                  (no boots)
Stlth    ++........             k - amulet of regeneration
HPRegen  0.52/turn              (no ring)
MPRegen  0.17/turn              (no ring)

@: no status effects
A: no striking features
a: Renounce Religion


You were on level 5 of the Dungeon.
You worshipped Vehumet.
Vehumet was noncommittal.
You visited 2 branches of the dungeon, and saw 6 of its levels.

You collected 287 gold pieces.
You spent 143 gold pieces at shops.

Inventory:

Hand Weapons
 o - a +0 dagger of electrocution (weapon)
 r - a +1 short sword of venom
Armour
 a - a +1 robe (worn)
 m - a +0 helmet (worn)
Magical Staves
 x - an uncursed staff of death
Jewellery
 d - an uncursed amulet of reflection {unknown}
 k - an amulet of regeneration (around neck)
Wands
 q - a wand of polymorph (5)
Scrolls
 b - a scroll of enchant armour
 c - a scroll of teleportation
 g - 2 scrolls of remove curse
 u - a scroll of enchant weapon {unknown}
 v - a scroll of identify
 w - a scroll of blinking {unknown}
Potions
 e - 2 potions of lignification
 f - 3 potions of curing
 h - a potion of heal wounds
 i - a potion of haste {unknown}
 j - 3 potions of flight
 l - 2 potions of resistance {unknown}
 n - 2 potions of berserk rage {unknown}
 p - a potion of might
 s - a potion of ambrosia {unknown}
 t - a potion of mutation


   Skills:
 - Level 2.4 Dodging
 - Level 2.4 Stealth
 + Level 8.4 Spellcasting
 + Level 7.9 Conjurations
 + Level 2.6 Hexes
 + Level 2.1 Translocations


You had 8 spell levels left.
You knew the following spells:

 Your Spells              Type           Power        Failure   Level
a - Magic Dart            Conj           100%         1%          1
b - Searing Ray           Conj           100%         1%          2
c - Fulminant Prism       Conj/Hex       18%          6%          4
d - Iskenderun's Mystic   Conj/Tloc      35%          7%          4
e - Mephitic Cloud        Conj/Pois/Air  23%          6%          3

Your spell library contained the following spells:

 Spells                   Type           Power        Failure   Level
 Dazzling Flash           Conj/Hex       74%          1%          3
 Blink                    Tloc           N/A          3%          2
 Slow                     Hex            23%          3%          2
 Conjure Flame            Conj/Fire      30%          3%          3
 Call Imp                 Summ           10%          9%          2


Dungeon Overview and Level Annotations

Branches:
Dungeon (5/15)             Temple (1/1) D:4

Altars:
Ashenzari
Dithmenos
Elyvilon
Fedhas
Gozag
Hepliaklqana
Kikubaaqudgha
Okawaru
Qazlal
Ru
Sif Muna
Trog
Uskayaw
Vehumet
Wu Jian
Xom
Yredelemnul
Zin
The Shining One

Shops:
D:4 !


Message History

The centaur wields a +0 shortbow.
The centaur shoots an arrow.
The arrow completely misses you.
The centaur shoots an arrow.
The arrow hits you!
Casting: Magic Dart (safe; 1% risk of failure)
Confirm with . or Enter, or press ? or * to list all spells.
Aiming: Searing Ray (safe; 1% risk of failure)
Press: ? - help, Shift-Dir - straight line, f/p - centaur
Aim: a centaur, wielding a +0 shortbow and quivering 12 arrows (10% to evade)
The searing ray hits the centaur.
The centaur is lightly wounded. (Press . to maintain the ray.)
The centaur shoots an arrow.
The arrow closely misses you.
The searing ray hits the centaur!
The centaur is heavily wounded.
The centaur shoots an arrow.
The arrow hits you.
The searing ray hits the centaur!
The centaur is almost dead.
The centaur shoots an arrow.
The arrow hits you!
The centaur shoots an arrow.
The arrow hits you!
You die...

#.#### #.##...( #.c..##
#.#..... #.....#
#....... ...c. ###.....
.... ###.... ..#
##...... #.# #.......
#########c# ##.......
.......@..######...#....
#########...............
#.######...##### #.#
##.## #.# #.# #.# #.#
#.# #.# #.#######.######
#........#......


You could see a centaur.

Vanquished Creatures
  An ice beast (D:5)
  A sky beast (D:4)
  An orc warrior (D:5)
  A phantom (D:5)
  An ogre (D:5)
  2 scorpions (D:4)
  A bullfrog skeleton (D:4)
  A hound (D:5)
  2 iguanas
  An orc wizard (D:5)
  3 worker ants
  A worker ant zombie (D:4)
  6 gnolls
  9 adders
  An ufetubus (D:5)
  An ooze (D:2)
  An adder skeleton (D:4)
  A dart slug (D:2)
  A leopard gecko (D:2)
  5 orcs
  A ball python (D:1)
  A giant cockroach (D:3)
  14 goblins
  5 hobgoblins
  2 jackals (D:2)
  3 quokkas
  6 bats
  4 frilled lizards
  2 jackal skeletons (D:4)
  7 kobolds
  5 rats
91 creatures vanquished.

Vanquished Creatures (others)
  A jackal (D:2)
  A quokka (D:2)
2 creatures vanquished.

Grand Total: 93 creatures vanquished

Notes
Turn   | Place    | Note
-------+----------+-------------------------------------------
     0 | D:1      | bnorton916 the Deep Elf Conjurer began the quest for the
                  | Orb.
     0 | D:1      | Reached XP level 1. HP: 10/10 MP: 6/6
   286 | D:1      | Reached XP level 2. HP: 15/15 MP: 4/8
  1067 | D:2      | Found a white marble altar of Elyvilon.
  1072 | D:2      | Reached skill level 4 in Spellcasting
  1165 | D:2      | Reached skill level 5 in Conjurations
  1165 | D:2      | Reached XP level 3. HP: 19/19 MP: 7/10
  1311 | D:1      | Learned a level 2 spell: Searing Ray
  1611 | D:2      | Reached XP level 4. HP: 24/24 MP: 6/12
  1723 | D:2      | Reached skill level 5 in Spellcasting
  2399 | D:3      | Reached XP level 5. HP: 28/28 MP: 11/14
  2655 | D:3      | Found an opulent altar of Gozag.
  3080 | D:4      | Reached skill level 6 in Spellcasting
  3216 | D:4      | Found Dicemyet's Distillery.
  3239 | D:4      | Bought a potion of curing for 39 gold pieces
  3239 | D:4      | Bought a potion of heal wounds for 65 gold pieces
  3239 | D:4      | Bought a potion of flight for 39 gold pieces
  3397 | D:4      | Reached XP level 6. HP: 20/32 MP: 4/17
  4137 | D:4      | Found a staircase to the Ecumenical Temple.
  4143 | Temple   | Entered the Ecumenical Temple
  4363 | Temple   | Became a worshipper of Vehumet
  4478 | D:3      | Found a stormy altar of Qazlal.
  4514 | D:5      | Entered Level 5 of the Dungeon
  4514 | D:5      | Found a shimmering altar of Xom.
  4525 | D:5      | Reached skill level 7 in Spellcasting
  4529 | D:5      | Noticed a sky beast
  4541 | D:5      | Reached XP level 7. HP: 36/36 MP: 8/20
  4554 | D:4      | Learned a level 4 spell: Fulminant Prism
  4559 | D:4      | Learned a level 4 spell: Iskenderun's Mystic Blast
  4694 | D:5      | Reached skill level 8 in Spellcasting
  4694 | D:5      | Reached skill level 1 in Hexes
  4694 | D:5      | Reached skill level 1 in Translocations
  4827 | D:5      | Learned a level 3 spell: Mephitic Cloud
  5308 | D:5      | Shot with an arrow by a centaur

Illustrated notes

Levels and vault maps discovered:
D:1:      dpeg_arrival_chambers_temple_mockup, layout_loops_ring
D:2:      cheibrodos_greedy_goblins, layout_rooms, elyvilon_altar_4
D:3:      layout_loops_ring, nicolae_overflow_hidden_temple, minivault_19,
          corexii_leaking_fountain
D:4:      layout_basic, minmay_temple_entry_fiery, serial_shops, shop_statue
D:5:      layout_loops_ring, lemuel_crystal_altar, slow_altar_2,
          grunt_ministairs_6
Temple:   eino_temple_scatter_basement

Skill      XL: |  1  2  3  4  5  6  7 |
---------------+----------------------+-----
Spellcasting   | 4 5 6 7 8 |  8.4
Conjurations   | 5 6 7 |  7.9
Hexes          | 2 |  2.6
Translocations | 2 |  2.1
Dodging        | |  2.4
Stealth        | |  2.4

Action                   |  1- 3 |  4- 6 |  7- 9 || total
-------------------------+-------+-------+-------++-------
Melee: Short sword       |       |       |     2 ||     2
 Cast: Magic Dart        |    65 |   103 |    20 ||   188
       Searing Ray       |       |     9 |     9 ||    18
       Mephitic Cloud    |       |       |     1 ||     1
  Use: Scroll            |       |     9 |       ||     9
Armor: Robe              |     1 |     5 |     1 ||     7
Dodge: Dodged            |     1 |    13 |     9 ||    23
